 Dungeon Crawl Stone Soup version 0.26.1-11-gd32895ea62 (webtiles) character file.

Game seed: 17048008738932229166

1693 RepoMan the Covert (level 9, -5/55 HPs)
             Began as a Kobold Delver on July 24, 2021.
             Was a Believer of Wu Jian.
             Shot with a sling bullet by Joseph (11 damage)
             ... on level 7 of the Dungeon.
             The game lasted 00:46:06 (4243 turns).

RepoMan the Covert (Kobold Delver)                  Turns: 4243, Time: 00:46:07

Health: -5/55      AC:  5    Str: 16      XL:     9   Next: 22%
Magic:  9/9        EV: 18    Int: 11      God:    Wu Jian [**....]
Gold:   189        SH:  0    Dex: 18 (19) Spells: 8/8 levels left

rFire    . . .     SeeInvis .   b - +8 shortbow "Coes" {venom, rElec}
rCold    . . .     Faith    .   (shield currently unavailable)
rNeg     . . .     Spirit   .   n - +0 leather armour
rPois    .         Reflect  .   (no helmet)
rElec    +         Harm     .   (no cloak)
rCorr    .         Rampage  .   (no gloves)
Will     .....                  u - +1 pair of boots
Stlth    ++++++....             (no amulet)
HPRegen  0.18/turn              A - +6 ring of strength
MPRegen  0.11/turn              (no ring)

@: no status effects
A: small, nightstalker 3
a: Renounce Religion, Wall Jump


You were on level 7 of the Dungeon.
You worshipped Wu Jian.
Wu Jian was pleased with you.
You visited 2 branches of the dungeon, and saw 6 of its levels.
You also visited: Ossuary.

You collected 189 gold pieces.

Inventory:

Hand Weapons
 b - the +8 shortbow "Coes" (weapon) {venom, rElec}
   (You found it on level 6 of the Dungeon)

   It poisons the ammo it fires.
   It insulates you from electricity.
 d - a +0 dagger of venom
 e - a +4 hand axe of venom
 r - a +0 rapier
 v - the +6 Majin-Bo {vamp, MP+6 Int+6}
   (You found it on level 4 of the Dungeon)

   It inflicts no extra harm, but heals its wielder when it wounds a living foe.
   It affects your intelligence (+6).
   It affects your magic capacity (+6).
Missiles
 m - 4 datura-tipped darts
 x - 35 arrows (quivered ammo)
 y - 7 curare-tipped darts
Armour
 n - a +0 leather armour (worn)
 u - a +1 pair of boots (worn)
Jewellery
 A - a +6 ring of strength (left hand)
Wands
 g - a wand of digging (3)
 p - a wand of iceblast (8)
 D - a wand of random effects (21)
Scrolls
 c - 2 scrolls of fog
 h - a scroll of remove curse
 i - a scroll of enchant weapon {unknown}
 j - a scroll of blinking
 k - a scroll of immolation
 l - 2 scrolls of identify
 q - a scroll of vulnerability {unknown}
 B - a scroll of acquirement {unknown}
Potions
 a - 4 potions of curing
 f - a potion of brilliance {unknown}
 o - 2 potions of ambrosia {unknown}
 s - 2 potions of berserk rage {unknown}
 t - a potion of haste
 w - 2 potions of lignification {unknown}
 z - a potion of flight {unknown}
 C - a potion of might


   Skills:
 + Level 5.9 Fighting
 + Level 8.2 Short Blades
 * Level 3.1 Bows
 + Level 5.9 Dodging
 + Level 10.7 Stealth


You had 8 spell levels left.
You didn't know any spells.
Your spell library was empty.

Dungeon Overview and Level Annotations

Branches:
Dungeon (8/15)             Temple (1/1) D:5         Ossuary (visited)
   Lair: D:8-11

Altars:
Makhleb
Nemelex Xobeh
Qazlal
Vehumet
Wu Jian

Annotations:
D:5 exclusion: quasit
D:7 Joseph


Innate Abilities, Weirdness & Mutations

You are small and have problems with some larger weapons.
You are completely attuned to the shadows.


Message History

Joseph is severely wounded.
Joseph shoots a sling bullet.
The sling bullet hits you!
Fire: 38 arrows
Press: ? - help, Q - select action, (/) - cycle Shift-Dir - straight line, f/p - Joseph
Aim: Joseph, wielding a +4 vorpal hunting sling, wearing a +0 leather armour and quivering 17 sling bullets (severely wounded, extremely poisoned, 71% to hit)
You shoot an arrow. The arrow barely misses Joseph.
Joseph shoots a sling bullet.
The sling bullet hits you.
Fire: 37 arrows
Press: ? - help, Q - select action, (/) - cycle Shift-Dir - straight line, f/p - Joseph
Aim: Joseph, wielding a +4 vorpal hunting sling, wearing a +0 leather armour and quivering 16 sling bullets (almost dead, extremely poisoned, 71% to hit)
You shoot an arrow. The arrow barely misses Joseph.
Unknown command.
Fire: 36 arrows
Press: ? - help, Q - select action, (/) - cycle Shift-Dir - straight line, f/p - Joseph
Aim: Joseph, wielding a +4 vorpal hunting sling, wearing a +0 leather armour and quivering 16 sling bullets (almost dead, extremely poisoned, 71% to hit)
You shoot an arrow. The arrow barely misses Joseph.
Joseph shoots a sling bullet.
The sling bullet hits you!!
* * * LOW HITPOINT WARNING * * *
x2 Joseph shoots a sling bullet.
The sling bullet hits you!
You die...

***,*,**** **,*,
**,,,,,,,,****,,,,
*,,,,,*,,,*,,,,,,,
****,,****,,*,,,,,,,
*#..,,** **,,*,,,,**,
*,..,,## *,,,,,,,,,**
###.##$##**,,,,,,,,,,
##.........*,^,,,,,,,,
#....@.@...,,,,,****,,
*#...†..(..,,,,,,***,,
#..)....(..,,,,,,,,,,
##.....#..#,,,,*,,,,,
#####.....##...,**,***<,,
##..#...#..)....,,,,,,*,,,
#.......##).....,,,,,,,,,,
###.....#.......,,,,,,,,,,
##............,,,,,,,,,,


You could see Joseph (extremely poisoned).

Vanquished Creatures
  Menkaure (D:6)
  Duvessa (D:7)
  A sky beast (D:7)
  2 orc warriors (D:6)
  2 centaurs (D:6)
  An ogre (D:6)
  A big kobold (D:7)
  A bullfrog (D:6)
  Dowan (D:7)
  2 centaur zombies (Ossuary)
  A hound (D:5)
  2 human zombies (Ossuary)
  A jelly (D:6)
  An iguana (D:5)
  2 bullfrog skeletons
  A gnoll shaman (D:7)
  3 worker ants
  4 orc wizards
  2 big kobold zombies (Ossuary)
  5 mummies
  3 adders
  10 gnolls
  3 ufetubi
  An adder zombie (D:6)
  9 orcs
  3 giant cockroaches
  2 gnoll zombies (Ossuary)
  8 jackals
  2 kobolds (D:7)
  A hobgoblin zombie (D:6)
  A jackal zombie (D:5)
  A kobold zombie (D:6)
  2 orc zombies (D:6)
81 creatures vanquished.

Vanquished Creatures (collateral kills)
  A gnoll (D:5)
1 creature vanquished.

Grand Total: 82 creatures vanquished

Notes
Turn   | Place    | Note
-------+----------+-------------------------------------------
     0 | D:5      | RepoMan the Kobold Delver began the quest for the Orb.
     0 | D:5      | Reached XP level 1. HP: 14/14 MP: 1/1
    28 | D:5      | Noticed an iguana
    62 | D:5      | Found a staircase to the Ecumenical Temple.
    81 | Temple   | Entered the Ecumenical Temple
    91 | Temple   | Became a worshipper of the Wu Jian Council
   418 | D:5      | Noticed a quasit
   474 | D:5      | Reached XP level 2. HP: 19/19 MP: 2/2
   593 | D:5      | Reached skill level 7 in Stealth
   593 | D:5      | Reached XP level 3. HP: 23/23 MP: 3/3
   629 | D:5      | Reached XP level 4. HP: 29/29 MP: 4/4
   982 | D:5      | Reached XP level 5. HP: 33/33 MP: 5/5
   989 | D:5      | Noticed an ice beast
  1074 | D:4      | Found the +6 Majin-Bo {vamp, MP+6 Int+6}
  1081 | D:4      | Noticed an ice beast
  2308 | D:6      | Noticed an ogre
  2310 | D:6      | Killed an ogre
  2311 | D:6      | Reached skill level 5 in Short Blades
  2311 | D:6      | Reached skill level 8 in Stealth
  2311 | D:6      | Reached XP level 6. HP: 38/38 MP: 6/6
  2346 | D:6      | Noticed Menkaure
  2349 | D:6      | Killed Menkaure
  2350 | D:6      | Reached XP level 7. HP: 44/44 MP: 7/7
  2517 | D:6      | You fall into a shaft and drop 2 floors!
  2552 | D:7      | Found a sand-covered staircase.
  2557 | Ossuary  | Entered an ossuary
  2620 | Ossuary  | Reached skill level 9 in Stealth
  2669 | Ossuary  | Reached * piety under Wu Jian
  2999 | D:6      | Reached XP level 8. HP: 48/48 MP: 8/8
  3035 | D:6      | Reached skill level 5 in Fighting
  3197 | D:6      | Got a bloodstained shortbow
  3198 | D:6      | Identified the +8 shortbow "Coes" {venom, rElec} (You found
                  | it on level 6 of the Dungeon)
  3230 | D:6      | Reached skill level 5 in Dodging
  3230 | D:6      | Reached skill level 10 in Stealth
  3612 | D:6      | Reached skill level 1 in Bows
  3672 | D:6      | Reached ** piety under Wu Jian
  4034 | D:7      | Reached XP level 9. HP: 51/54 MP: 9/9
  4069 | D:7      | Noticed Duvessa
  4075 | D:7      | Killed Duvessa
  4075 | D:7      | Noticed Dowan
  4079 | D:7      | Killed Dowan
  4235 | D:7      | Noticed Joseph
  4243 | D:7      | Shot with a sling bullet by Joseph

Illustrated notes

Levels and vault maps discovered:
D:4:      layout_cave_pods
D:5:      layout_basic, minmay_temple_entry_slanted
D:6:      layout_basic, ebering_dispersal_statue_hall, minmay_mini_ossuary,
          uniq_menkaure
D:7:      layout_cave_pools, enter_ossuary_2, uniq_duvessa, uniq_prince_ribbit1,
          uniq_joseph
D:8:      layout_rooms, enter_bailey_2, gammafunk_ghost_necromancy, uniq_maggie
Temple:   nicolae_temple_the_god_donut

Skill      XL: |  1  2  3  4  5  6  7  8  9 |
---------------+----------------------------+-----
Short Blades   | 3 4 5 6 8 |  8.2
Stealth        | 7 8 9 10 | 10.7
Dodging        | 3 4 5 |  5.9
Fighting       | 4 5 |  5.9
Bows           | 2 3 |  3.1

Action                   |  1- 3 |  4- 6 |  7- 9 || total
-------------------------+-------+-------+-------++-------
Melee: Long sword        |    11 |     2 |       ||    13
       Short sword       |     2 |    10 |       ||    12
       Quarterstaff      |       |    16 |     9 ||    25
       Dagger            |       |    10 |    68 ||    78
       Rapier            |       |       |    36 ||    36
 Fire: Shortbow          |       |       |    18 ||    18
Throw: Dart              |       |     1 |       ||     1
Invok: Lunge             |     2 |     7 |    29 ||    38
       Whirlwind         |       |       |    14 ||    14
Evoke: Wand              |     3 |     4 |     3 ||    10
  Use: Scroll            |     1 |     4 |     6 ||    11
       Potion            |     1 |     2 |     4 ||     7
 Stab: Sleeping          |     2 |     3 |    32 ||    37
Armor: Leather armour    |     3 |     5 |    20 ||    28
Dodge: Dodged            |     8 |    40 |    78 ||   126
       Rpst.: Long sword |     4 |     1 |       ||     5
